 Dungeon Crawl Stone Soup version 0.28-b1-25-g9875b3fc8c (webtiles) character file.

Game seed: 3340044203432390425

4997 lordive the Destroyer (level 10, -4/54 HPs)
             Began as a Tengu Conjurer on Jan 31, 2022.
             Was a Follower of Vehumet.
             Slain by a centaur warrior (16 damage)
             ... on level 8 of the Dungeon.
             The game lasted 00:20:53 (11087 turns).

lordive the Destroyer (Tengu Conjurer)             Turns: 11087, Time: 00:20:54

Health: -4/54      AC:  6    Str:  5 (7)  XL:     10   Next: 54%
Magic:  26/32      EV: 16    Int: 20 (23) God:    Vehumet [*.....]
Gold:   286        SH:  0    Dex: 10 (13) Spells: 15/25 levels left

rFire   + + .      SeeInvis .   G - +11 hand axe of Growth {speed, rF++}
rCold   . . .      Faith    .   (no shield)
rNeg    . . .      Spirit   .   a - +0 robe
rPois   +          Reflect  .   (helmet restricted)
rElec   .          Harm     .   B - +0 cloak
rCorr   .          Rampage  .   w - +2 pair of gloves
Will    .....                   (boots unavailable)
Stlth   ++........              q - amulet of regeneration
HPRegen 0.98/turn               C - ring of poison resistance
MPRegen 0.23/turn               E - ring of magical power

@: flying quickly and evasively, quick
A: beak, talons 3, nimble flight
a: Renounce Religion


You were on level 8 of the Dungeon.
You worshipped Vehumet.
Vehumet was aware of your devotion.
You visited 2 branches of the dungeon, and saw 9 of its levels.

You collected 286 gold pieces.

Inventory:

Hand Weapons
 G - the +11 hand axe of Growth (weapon) {speed, rF++}
   (You found it on level 7 of the Dungeon)

   Attacks with this weapon are significantly faster.
   rF:        It greatly protects you from fire.
Missiles
 F - a throwing net
Armour
 a - a +0 robe (worn)
 o - an orb of energy
 w - a +2 pair of gloves (worn)
 x - a +0 leather armour
 B - a +0 cloak (worn)
Jewellery
 m - an amulet of guardian spirit
 n - a ring of fire
 q - an amulet of regeneration (around neck)
 v - a ring of magical power
 C - a ring of poison resistance (left hand)
 E - a ring of magical power (right hand)
Wands
 s - a wand of flame (21)
 t - a wand of iceblast (2)
Scrolls
 b - 4 scrolls of noise {unknown}
 d - 3 scrolls of identify {unknown}
 f - 2 scrolls of enchant armour {unknown}
 g - 2 scrolls of enchant weapon {unknown}
 l - a scroll of amnesia {unknown}
 p - 3 scrolls of teleportation {unknown}
 r - 2 scrolls of magic mapping {unknown}
 u - a scroll of vulnerability {unknown}
 y - a scroll of blinking {unknown}
 D - a scroll of fog {unknown}
Potions
 c - a potion of magic {unknown}
 e - a potion of might {unknown}
 h - a potion of degeneration
 i - 2 potions of berserk rage {unknown}
 j - 2 potions of lignification {unknown}
 k - 2 potions of curing {unknown}
 z - 2 potions of attraction {unknown}
 A - a potion of resistance {unknown}


   Skills:
 + Level 2.7 Fighting
 + Level 0.4 Axes
 + Level 5.5 Dodging
 - Level 2.0 Stealth
 + Level 8.3 Spellcasting
 + Level 13.4 Conjurations
 * Level 4.0 Fire Magic
 * Level 3.9 Poison Magic


You had 15 spell levels left.
You knew the following spells:

 Your Spells              Type           Power      Damage    Failure   Level
a - Magic Dart            Conj           100%       1d8       1%          1
b - Searing Ray           Conj           100%       2d8       1%          2
c - Olgreb's Toxic Radia  Pois           23%        N/A       17%         4
d - Ignite Poison         Fire/Tmut/Pois 18%        N/A       9%          3

Your spell library contained the following spells:

 Spells                   Type           Power      Damage    Failure   Level
 Sandblast                Erth           16%        2d6       9%          1
 Conjure Flame            Conj/Fire      43%        6-21      1%          3
 Dazzling Flash           Conj/Hex       70%        N/A       1%          3
 Sticky Flame             Conj/Fire      43%        2d6       2%          4
 Sting                    Tmut/Pois      64%        1d6       3%          1
 Poisonous Vapours        Pois/Air       32%        N/A       5%          2
 Fulminant Prism          Conj/Hex       17%        3d11      5%          4
 Iskenderun's Mystic Bla  Conj/Tloc      35%        2d8       5%          4
 Spider Form              Tmut/Pois      16%        N/A       11%         3
 Corpse Rot               Necr/Air       16%        N/A       13%         2
 Ensorcelled Hibernation  Hex/Ice        16%        N/A       13%         2
 Call Canine Familiar     Summ           8%         N/A       26%         3
 Portal Projectile        Hex/Tloc       16%        N/A       26%         3
 Anguish                  Hex/Necr       4%         N/A       63%         4
 Dispel Undead            Necr           8%         3d8       63%         4
 Leda's Liquefaction      Hex/Erth       4%         N/A       63%         4
 Death Channel            Necr           4%         N/A       100%        6


Dungeon Overview and Level Annotations

Branches:
Dungeon (8/15)             Temple (1/1) D:6
   Lair: D:8-11

Altars:
Ashenzari
Cheibriados
Dithmenos
Elyvilon
Fedhas
Hepliaklqana
Kikubaaqudgha
Makhleb
Nemelex Xobeh
Okawaru
Qazlal
Ru
Sif Muna
Trog
Uskayaw
Vehumet
Xom
Yredelemnul
Zin
The Shining One

Shops:
D:1 =   D:3 (   D:7 :

Annotations:
D:8 1 transporter


Innate Abilities, Weirdness & Mutations

You have a beak for a mouth.
You have claws for feet.
Your magical nature lets you fly swiftly and evasively.


Message History

The centaur warrior shoots an arrow.
The arrow closely misses you.
The centaur warrior unwields a +0 shortbow.
The centaur warrior wields a +0 flail.
The centaur warrior barely misses you. The centaur warrior misses you.
Casting: Searing Ray (safe; 1% risk of failure)
Confirm with . or Enter, or press ? or * to list all spells.
Aiming: Searing Ray (safe; 1% risk of failure)
Press: ? - help, Shift-Dir - straight line, f/p - centaur warrior
Aim: a centaur warrior, wielding a +0 flail and quivering arrows (87% to hit)
The searing ray hits the centaur warrior.
The centaur warrior is lightly wounded. (Press . to maintain the ray.)
The centaur warrior closely misses you. The centaur warrior kicks you.
The searing ray hits the centaur warrior.
The centaur warrior is lightly wounded.
The centaur warrior completely misses you.
The centaur warrior kicks you but does no damage.
The searing ray hits the centaur warrior.
The centaur warrior is moderately wounded.
The centaur warrior hits you with a +0 flail!!
The centaur warrior kicks you but does no damage.
The centaur warrior misses you. The centaur warrior kicks you.
The searing ray hits the centaur warrior.
The centaur warrior is moderately wounded.
You finish channelling your searing ray.
The centaur warrior hits you with a +0 flail!!
* * * LOW HITPOINT WARNING * * *
The centaur warrior kicks you.
* * * LOW HITPOINT WARNING * * *
Casting: Searing Ray (safe; 1% risk of failure)
Confirm with . or Enter, or press ? or * to list all spells.
Aiming: Searing Ray (safe; 1% risk of failure)
Press: ? - help, Shift-Dir - straight line, f/p - centaur warrior
Aim: a centaur warrior, wielding a +0 flail and quivering arrows (moderately wounded, 87% to hit)
Okay, then.
It was a potion of degeneration.
There was something very wrong with that liquid.
You feel weakened.
You feel dopey.
You feel clumsy.
The centaur warrior hits you with a +0 flail!
You die...

#.#######)#
#........).# #. #.
####.#)#)# . .
#.#.#.##.# # #.
.#####.......# ##.
.#.#.##...####.#
##.#..##.##..####.##..#
......c.#.#.#.........#
#@#.#.#.###'###...
#....#..# ....#.##
#.##....# ###.# #
.'.#####.#.#.#.#...
##.#.# ..#.#'#.#..y
.....#.. #.#.....#..y
#### #.# #.# #### .#
... ... ..## .. ### .y


You could see a centaur warrior.

Vanquished Creatures
  A deep elf pyromancer (D:7)
  A tengu conjurer (D:8)
  A troll (D:8)
  Prince Ribbit (D:7)
  A steam dragon (D:8)
  Menkaure (D:7)
  4 vampire mosquitoes (D:8)
  A water moccasin (D:6)
  3 orc warriors
  2 ice beasts
  2 ogres
  3 necrophages
  2 centaurs
  3 phantoms
  4 bullfrogs
  A scorpion (D:6)
  A wyvern zombie (D:6)
  A wyvern skeleton (D:6)
  A water moccasin skeleton (D:6)
  A wight (D:8)
  6 killer bees (D:8)
  A crimson imp (D:6)
  4 centaur zombies
  A centaur skeleton (D:7)
  2 hounds (D:6)
  2 jellies
  A gnoll shaman (D:4)
  4 orc priests
  2 iguanas (D:6)
  6 orc wizards
  A hound zombie (D:5)
  A hound skeleton (D:8)
  A howler monkey zombie (D:4)
  9 adders
  7 gnolls
  A howler monkey skeleton (D:7)
  A white imp (D:8)
  An ufetubus (D:5)
  A dart slug (D:3)
  24 orcs
  5 bats
  4 endoplasms
  3 giant cockroaches
  6 goblins
  5 hobgoblins
  14 jackals
  6 kobolds
  3 quokkas
  13 ball pythons
  A frilled lizard (D:1)
  2 goblin skeletons (D:6)
  2 goblin zombies (D:6)
  2 hobgoblin zombies (D:6)
  4 orc skeletons (D:6)
  2 orc zombies (D:6)
  12 rats
195 creatures vanquished.

Vanquished Creatures (others)
  A necrophage (D:8)
  12 plants (D:8)
13 creatures vanquished.

Grand Total: 208 creatures vanquished

Notes
Turn   | Place    | Note
-------+----------+-------------------------------------------
     0 | D:1      | lordive the Tengu Conjurer began the quest for the Orb.
     0 | D:1      | Reached XP level 1. HP: 10/10 MP: 4/4
   156 | D:1      | Reached XP level 2. HP: 15/15 MP: 0/6
   171 | D:1      | Learned a level 2 spell: Searing Ray
   383 | D:1      | Reached skill level 6 in Conjurations
   428 | D:1      | Found a faded altar of an unknown god.
   633 | D:1      | Reached XP level 3. HP: 19/19 MP: 5/7
   739 | D:1      | Found Qaaciv's Jewellery Boutique.
  1197 | D:2      | Upgraded the game from 0.28-b1-1-g3c77fb2ed1 to
                  | 0.28-b1-25-g9875b3fc8c
  1348 | D:2      | Reached XP level 4. HP: 24/24 MP: 5/8
  1880 | D:2      | Identified the +9 whip of Terror {speed, rF+}
  2121 | D:2      | Reached skill level 7 in Conjurations
  2328 | D:3      | Found Intah's Antique Weapon Emporium.
  2564 | D:3      | Found a bloodstained altar of Trog.
  2664 | D:3      | Noticed an ogre
  2670 | D:3      | Killed an ogre
  2671 | D:3      | Gained mutation: Your magical nature lets you fly swiftly
                  | and evasively. [Tengu growth]
  2671 | D:3      | Reached XP level 5. HP: 28/28 MP: 2/10
  3192 | D:3      | Reached skill level 8 in Conjurations
  3192 | D:3      | Reached XP level 6. HP: 33/33 MP: 4/12
  4071 | D:4      | Noticed a necrophage
  4079 | D:4      | Killed a necrophage
  4554 | D:4      | Reached skill level 9 in Conjurations
  4554 | D:4      | Reached XP level 7. HP: 37/37 MP: 7/13
  4936 | D:5      | Entered Level 5 of the Dungeon
  5203 | D:5      | Reached skill level 1 in Fighting
  5778 | D:5      | Found a sparkling altar of Nemelex Xobeh.
  5789 | D:5      | Reached skill level 10 in Conjurations
  5864 | D:5      | Found a glowing silver altar of Zin.
  5880 | D:5      | Reached skill level 5 in Spellcasting
  5880 | D:5      | Reached XP level 8. HP: 43/43 MP: 8/16
  6510 | D:6      | Found a staircase to the Ecumenical Temple.
  6525 | Temple   | Entered the Ecumenical Temple
  6584 | Temple   | Became a worshipper of Vehumet
  6841 | D:6      | Reached skill level 11 in Conjurations
  7490 | D:6      | Reached XP level 9. HP: 15/48 MP: 7/19
  8023 | D:6      | Found a glowing golden altar of the Shining One.
  8338 | D:6      | Learned a level 4 spell: Olgreb's Toxic Radiance
  8342 | D:6      | Learned a level 3 spell: Ignite Poison
  8605 | D:7      | Noticed Menkaure
  8611 | D:7      | Killed Menkaure
  8612 | D:7      | Reached skill level 12 in Conjurations
  8800 | D:7      | Found Nikegahi's Book Shop.
  8824 | D:7      | Reached skill level 1 in Fire Magic
  8828 | D:7      | Reached * piety under Vehumet
  8828 | D:7      | Offered knowledge of Sandblast by Vehumet.
  8829 | D:7      | Reached skill level 1 in Poison Magic
  8935 | D:7      | Noticed Prince Ribbit
  8942 | D:7      | Killed Prince Ribbit
  9073 | D:7      | Identified the +11 hand axe of Growth {speed, rF++}
  9355 | D:7      | Noticed a deep elf pyromancer
  9361 | D:7      | Killed a deep elf pyromancer
  9599 | D:8      | Found a burning altar of Makhleb.
  9650 | D:8      | Reached XP level 10. HP: 47/53 MP: 11/22
  9657 | D:8      | Reached skill level 13 in Conjurations
  9817 | D:8      | Found a shadowy altar of Dithmenos.
  9969 | D:8      | Reached skill level 5 in Dodging
 10457 | D:8      | Noticed a brown ugly thing
 10596 | D:8      | Found a transporter.
 10597 | D:8      | Found the +3 hat of Pondering {ponderous, Will+ MP+10
                  | Int+5}
 11080 | D:8      | Noticed a centaur warrior
 11087 | D:8      | Slain by a centaur warrior

Illustrated notes

Levels and vault maps discovered:
D:1:      dpeg_arrival_prison, layout_rooms, serial_shops,
          nicolae_shop_hallway_plus, dreamdust_ecumenical_altar_statues
D:2:      layout_loops_corners
D:3:      layout_basic, mainiacjoe_overflow_brackets, serial_shops, shop_statue,
          chequers_garden, minmay_shallow_snake_nest
D:4:      layout_rooms, chequers_serial_rivers_micro_c
D:5:      layout_loops_ring, zin_statuary, lemuel_tele_altar, minmay_holes,
          nrook_mini_vaults
D:6:      layout_cave_pools, nicolae_tso_besieged_by_evil, temple_fountains
D:7:      layout_rooms, serial_shops, nicolae_shop_statue_plus, enter_bailey_2,
          guppyfry_early_elven_hall, uniq_menkaure, uniq_prince_ribbit1
D:8:      gammafunk_cloud_chamber, layout_loops_ring,
          makhleb_blood_cavern_becter, mainiacjoe_overflow_24_doors,
          minmay_shattered_shrine
Temple:   eino_temple_lava

Skill      XL: |  1  2  3  4  5  6  7  8  9 10 |
---------------+-------------------------------+-----
Conjurations   | 6 7 8 9 10 11 12 13 | 13.4
Spellcasting   | 3 5 6 7 8 |  8.3
Dodging        | 3 4 5 |  5.5
Fighting       | 1 2 |  2.7
Fire Magic     | 3 4 |  4.0
Poison Magic   | 2 3 |  3.9
Axes           | |  0.4
Stealth        | |  2.0

Action                   |  1- 3 |  4- 6 |  7- 9 | 10-12 || total
-------------------------+-------+-------+-------+-------++-------
Melee: Hand axe          |       |       |     3 |       ||     3
       Peck              |       |       |     1 |       ||     1
 Cast: Magic Dart        |    60 |    89 |    99 |    26 ||   274
       Searing Ray       |     1 |    14 |    56 |    35 ||   106
  Use: Potion            |       |       |       |     1 ||     1
Armor: Robe              |     1 |     2 |    14 |    18 ||    35
Dodge: Dodged            |     6 |    11 |    64 |    57 ||   138
